 Dungeon Crawl Stone Soup version 0.29.0-11-gd7f09526c8 (webtiles) character file.

Game seed: 17473355913894605478

74333 freelancePsychic the Warrior (level 15, -4/145 HPs)
             Began as a Ghoul Enchanter on Sept 4, 2022.
             Was a Believer of Uskayaw.
             Slain by a skeletal warrior
             ... wielding a +2 war axe of flaming
              (13 damage)
             ... while petrified by a basilisk
             ... on level 14 of the Dungeon.
             The game lasted 00:44:20 (26653 turns).

freelancePsychic the Warrior (Ghoul Enchanter)     Turns: 26653, Time: 00:44:20

Health: -4/145     AC: 17    Str: 22    XL:     15   Next: 46%
Magic:  18/21      EV:  2    Int: 10    God:    Uskayaw [**....]
Gold:   1901       SH:  0    Dex: 11    Spells: 17/17 levels left

rFire   + + .      SeeInvis .   a - +3 demon whip of the Pharaoh's Fist {flame, Str+4}
rCold   + . .      Faith    .   V - +2 buckler {rPois}
rNeg    + + +      Spirit   .   J - +0 fire dragon scales
rPois   ∞          Reflect  .   v - +0 helmet
rElec   .          Harm     .   t - +2 cloak
rCorr   .          Rampage  .   l - +0 pair of gloves
Will    ++...                   (no boots)
Stlth   +.........              F - amulet of the acrobat
HPRegen 0.00/turn               Y - ring of willpower
MPRegen 0.17/turn               M - ring of protection from cold

@: petrified, inhibited regen
A: claws 1, cold resistance 1, negative energy resistance 3, inhibited
regeneration, torment resistance 2, devour on kill
a: Renounce Religion, Stomp, Line Pass


You were on level 14 of the Dungeon.
You worshipped Uskayaw.
Uskayaw was aware of your devotion.
You visited 2 branches of the dungeon, and saw 19 of its levels.
You also visited: Volcano.

You collected 1901 gold pieces.

Inventory:

Hand Weapons
 a - the +3 demon whip of the Pharaoh's Fist (weapon) {flame, Str+4}
   (You acquired it on level 3 of the Lair of Beasts)

   It burns those it strikes, dealing additional fire damage.
   Str:       It affects your strength (+4).
Missiles
 u - 12 boomerangs
 z - 32 poisoned darts (quivered)
 C - 6 javelins
 N - a throwing net
Armour
 l - a +0 pair of gloves (worn)
 t - a +2 cloak (worn)
 v - a +0 helmet (worn)
 J - +0 fire dragon scales (worn)
 V - a +2 buckler of poison resistance (worn)
 Z - a scarf of repulsion
Jewellery
 c - a ring of fire
 m - a ring of flight
 r - a +4 ring of protection
 y - an amulet of regeneration
 F - an amulet of the acrobat (around neck)
 M - a ring of protection from cold (right hand)
 R - an amulet of guardian spirit
 Y - a ring of willpower (left hand)
Wands
 b - a wand of acid (7)
 i - a wand of mindburst (10)
 p - a wand of polymorph (19)
 A - a wand of roots (32)
 D - a wand of charming (12)
 E - a wand of flame (1)
 Q - a wand of digging (5)
Scrolls
 d - 4 scrolls of poison
 e - a scroll of brand weapon
 g - 4 scrolls of amnesia
 h - 11 scrolls of teleportation {@r4}
 j - 9 scrolls of fear
 q - a scroll of blinking
 w - 4 scrolls of summoning
 x - 5 scrolls of enchant weapon
 B - 3 scrolls of enchant armour
 G - a scroll of torment
 I - 4 scrolls of fog
 L - 2 scrolls of magic mapping
 T - a scroll of silence
 X - 8 scrolls of identify {@r1}
Potions
 f - a potion of magic
 k - 7 potions of curing {@q1}
 n - 2 potions of might
 o - 4 potions of flight
 s - 8 potions of heal wounds {@q2}
 H - a potion of brilliance {unknown}
 O - 2 potions of resistance
 P - a potion of cancellation {unknown}
 U - a potion of haste {unknown}
Miscellaneous
 K - a phantom mirror
 S - a box of beasts


   Skills:
 + Level 16.5 Fighting
 - Level 0.8 Short Blades
 - Level 14.3 Maces & Flails
 + Level 5.3 Throwing
 - Level 8.4 Armour
 - Level 5.9 Dodging
 - Level 3.3 Stealth
 - Level 4.0 Shields
 - Level 1.7 Spellcasting
 - Level 2.4 Hexes
 - Level 10.6 Invocations


You had 17 spell levels left.
You didn't know any spells.
Your spell library contained the following spells:

 Spells                   Type           Power      Damage    Failure   Level
 Slow                     Hex            20%        N/A       38%         1
 Ensorcelled Hibernation  Hex/Ice        6%         N/A       71%         2
 Magic Dart               Conj           0%         1d3       75%         1
 Necrotise                Necr           0%         1d4       75%         1
 Sandblast                Erth           0%         2d4       75%         1
 Sting                    Tmut/Pois      0%         1d3       75%         1
 Confusing Touch          Hex            5%         N/A       77%         3
 Tukima's Dance           Hex            5%         N/A       77%         3
 Call Imp                 Summ           0%         N/A       86%         2
 Passwall                 Tmut/Erth      0%         N/A       86%         2
 Poisonous Vapours        Pois/Air       0%         N/A       86%         2
 Static Discharge         Conj/Air       0%         3-3/arc   86%         2
 Dazzling Flash           Conj/Hex       6%         N/A       91%         3
 Inner Flame              Hex/Fire       3%         N/A       91%         3
 Portal Projectile        Hex/Tloc       6%         N/A       91%         3
 Call Canine Familiar     Summ           0%         N/A       98%         3
 Mephitic Cloud           Conj/Pois/Air  0%         N/A       98%         3
 Ozocubu's Armour         Ice            0%         N/A       98%         3
 Stone Arrow              Conj/Erth      0%         3d7       98%         3
 Vampiric Draining        Necr           0%         2d6       98%         3
 Cause Fear               Hex            2%         N/A       99%         4
 Corpse Rot               Necr/Pois/Air  0%         N/A       100%        4
 Leda's Liquefaction      Hex/Erth       1%         N/A       100%        4
 Olgreb's Toxic Radiance  Pois           0%         N/A       100%        4
 Agony                    Necr           0%         N/A       100%        5
 Lightning Bolt           Conj/Air       0%         1d11      100%        5
 Malign Gateway           Summ/Tloc      0%         N/A       100%        7
 Ozocubu's Refrigeration  Ice            0%         4d7       100%        7
 Discord                  Hex            2%         N/A       100%        8
 Maxwell's Capacitive Co  Air            0%         ∞         100%        8
 Summon Horrible Things   Summ           0%         N/A       100%        8


Dungeon Overview and Level Annotations

Branches:
Dungeon (14/15)            Temple (0/1) D:5            Lair (5/5) D:8
 Shoals (0/4) Lair:3       Spider (0/4) Lair:3        Slime (0/5) Lair:4
    Orc (0/2) D:12        Volcano (visited)
 Vaults: D:13-14

Altars:
Fedhas
Hepliaklqana
Kikubaaqudgha
Nemelex Xobeh
Okawaru
Ru
Sif Muna
Trog
Uskayaw
Vehumet
Xom
Yredelemnul

Shops:
D:4 (   D:12 (

Annotations:
D:7 3 runed translucent doors, Jase's ghost, novice GnWn
Lair:4 1 runed translucent door


Innate Abilities, Weirdness & Mutations

You are immune to poison.
You have sharp fingernails.
Your flesh is cold resistant. (rC+)
You are immune to negative energy. (rN+++)
You do not regenerate when monsters are visible.
You are immune to unholy pain and torment.
You thrive by killing the living.


Message History

You can't stand on top of the monster!
Aiming: Line Pass
Press: ? - help, Dir - move target, p - skeletal warrior The skeletal warrior appears confused.
A basilisk comes into view.
The basilisk hisses angrily.
The basilisk gazes at you.
You are slowing down.
The skeletal warrior hits you but does no damage.
You hit the skeletal warrior but do no damage.
The skeletal warrior is severely damaged.
The skeletal warrior hits you with a +2 war axe of flaming!
The skeletal warrior burns you.
Your limbs are stiffening.
You whack the skeletal warrior! You burn the skeletal warrior.
The skeletal warrior is severely damaged.
Uskayaw will force your foes to helplessly watch your dance.
The skeletal warrior seems less confused.
A skeletal warrior comes into view. It is wielding a +0 short sword.
You block the skeletal warrior's attack.
The skeletal warrior hits you with a +2 war axe of flaming!
The skeletal warrior burns you.
You have turned to stone.
The skeletal warrior hits you but does no damage.
The skeletal warrior hits you with a +0 short sword!
The skeletal warrior hits you with a +2 war axe of flaming!
The skeletal warrior burns you.
The skeletal warrior hits you with a +0 short sword.
The skeletal warrior hits you with a +2 war axe of flaming!
* * * LOW HITPOINT WARNING * * *
The skeletal warrior hits you with a +0 short sword!
* * * LOW HITPOINT WARNING * * *
The skeletal warrior hits you with a +2 war axe of flaming!!
* * * LOW HITPOINT WARNING * * *
The skeletal warrior hits you but does no damage.
The skeletal warrior hits you with a +2 war axe of flaming!!
* * * LOW HITPOINT WARNING * * *
The skeletal warrior burns you.
* * * LOW HITPOINT WARNING * * *
The skeletal warrior hits you but does no damage.
The skeletal warrior hits you with a +2 war axe of flaming!!
You die...

######### #####).# ####
### .. #))# .. # #### #
.##))##. # ..... #.
#.#).#.# .....
#..##.#..#)##..# ......
#.......)..# ####
.....|#####.#).#.#####...
.......z)....).........##
......lz@................
......#####)#..#.######.#
..... #.......... #.#
.... #..##.#..#.##.. #.#
... #. #.#..#.# . #.# ..
# .##..# . #.# . . #..#
.. #.# ###..########.#
##########..............


You could see 2 skeletal warriors and a basilisk.

Vanquished Creatures
  Gastronok (Lair:2)
  Snorg (Lair:4)
  A fire dragon (Volcano)
  5 boulder beetles
  Fannar (Lair:2)
  3 hydras
  Harold (D:11)
  An ogre mage (D:14)
  A death knight (D:13)
  2 catoblepae
  A deep troll shaman (Lair:5)
  4 death yaks
  3 centaur warriors
  2 two-headed ogres
  3 tengu warriors (D:13)
  5 skeletal warriors
  Lodul (D:11)
  A phantasmal warrior (D:12)
  An orc knight (D:14)
  An ugly thing (D:13)
  2 lindwurms
  A deep elf pyromancer (D:13)
  3 cyclopes
  16 elephants
  3 manticores
  Maurice (D:13)
  2 torpor snails (Lair:3)
  2 molten gargoyles (Volcano)
  3 black mambas
  18 cane toads
  A gargoyle (D:14)
  3 centaur skeletons (D:14)
  A kobold demonologist (D:13)
  An unseen horror (D:10)
  A komodo dragon (shapeshifter) (D:13)
  2 rime drakes
  An unseen horror zombie (D:8)
  3 yaktaurs (D:14)
  8 komodo dragons
  5 polar bears
  A hornet (D:4)
  A troll (D:11)
  Grinder (D:6)
  21 dream sheep
  11 slime creatures (D:13)
  10 blink frogs
  Sigmund (D:6)
  4 wraiths
  2 shadows (D:11)
  4 culicivoras (Lair:3)
  A centaur simulacrum (D:14)
  A vampire (D:9)
  5 wyverns
  40 yaks
  6 basilisks
  6 fire bats (Volcano)
  2 steam dragons
  9 vampire mosquitoes
  8 water moccasins
  A hell hound (Volcano)
  6 orc warriors
  3 ice beasts
  A hornet zombie (D:8)
  11 ogres
  4 black bears
  3 wolves (Lair:5)
  7 centaurs
  A phantom (D:5)
  Blork the orc (D:6)
  4 kobold brigands
  2 wyvern zombies (D:8)
  8 bullfrogs
  2 gnoll sergeants
  4 necrophages
  17 wights (D:8)
  4 electric eels
  3 howler monkeys
  2 centaur zombies (D:8)
  5 lava snakes (Volcano)
  5 orc priests
  Crazy Yiuf (D:6)
  A jelly (D:6)
  A hound (D:5)
  2 gnoll boudas
  3 iguanas
  9 orc wizards
  A boggart skeleton (D:14)
  A howler monkey zombie (D:8)
  18 gnolls
  6 adders
  A shadow imp (D:8)
  3 ufetubi (D:5)
  4 dart slugs
  31 orcs
  4 ball pythons
  5 endoplasms
  6 giant cockroaches
  10 goblins
  8 hobgoblins
  A jackal (D:3)
  31 kobolds
  3 quokkas
  6 bats
  5 frilled lizards
  4 rats
509 creatures vanquished.

Vanquished Creatures (collateral kills)
  Nessos (D:12)
  A skeletal warrior (D:12)
  A cyclops (D:11)
3 creatures vanquished.

Vanquished Creatures (others)
  A wizard (D:12)
  An orc wizard (D:14)
  18 fungi
  31 plants
  9 toadstools (D:2)
  9 withered plants (D:8)
69 creatures vanquished.

Grand Total: 581 creatures vanquished

Notes
Turn   | Place    | Note
-------+----------+-------------------------------------------
     0 | D:1      | freelancePsychic the Ghoul Enchanter began the quest for
                  | the Orb.
     0 | D:1      | Reached XP level 1. HP: 14/14 MP: 2/2
   330 | D:1      | Reached skill level 1 in Fighting
   460 | D:1      | Reached XP level 2. HP: 17/24 MP: 3/3
   693 | D:1      | Reached skill level 2 in Fighting
  1060 | D:1      | Reached XP level 3. HP: 29/29 MP: 4/4
  1114 | D:1      | Reached skill level 1 in Maces & Flails
  1650 | D:2      | Found a faded altar of an unknown god.
  2112 | D:2      | Reached XP level 4. HP: 34/37 MP: 5/5
  2310 | D:2      | Reached skill level 3 in Fighting
  3914 | D:4      | Reached skill level 1 in Throwing
  3914 | D:4      | Reached XP level 5. HP: 36/45 MP: 6/6
  4017 | D:4      | Found a blossoming altar of Fedhas.
  4299 | D:4      | Noticed an ogre
  4566 | D:4      | Found Hoydaf's Antique Weapon Emporium.
  4840 | D:4      | Noticed a hornet
  4848 | D:4      | Killed a hornet
  4849 | D:4      | Reached skill level 4 in Fighting
  4849 | D:4      | Reached XP level 6. HP: 38/53 MP: 7/7
  5069 | D:4      | Reached XP level 7. HP: 60/60 MP: 8/8
  5179 | D:4      | Found a hide-covered altar of Uskayaw.
  5182 | D:4      | Noticed a +0 dagger
  5182 | D:4      | Noticed a +0 dagger
  5249 | D:4      | Became a worshipper of Uskayaw the Reveller
  5346 | D:5      | Entered Level 5 of the Dungeon
  5352 | D:4      | Reached * piety under Uskayaw
  5444 | D:4      | Reached skill level 1 in Invocations
  5575 | D:5      | Reached ** piety under Uskayaw
  5577 | D:5      | Reached skill level 5 in Fighting
  5603 | D:5      | Found a staircase to the Ecumenical Temple.
  5615 | D:5      | Reached skill level 5 in Maces & Flails
  5615 | D:5      | Reached XP level 8. HP: 45/68 MP: 9/9
  5733 | D:5      | Found a radiant altar of Vehumet.
  6371 | D:6      | Reached skill level 6 in Fighting
  6373 | D:6      | Noticed Blork the orc
  6382 | D:6      | Killed Blork the orc
  6516 | D:6      | Noticed Grinder
  6533 | D:6      | Killed Grinder
  6534 | D:6      | Reached XP level 9. HP: 72/78 MP: 11/11
  6855 | D:6      | Found a runed translucent door.
  6856 | D:6      | Noticed Crazy Yiuf
  6961 | D:6      | Found a bloodstained altar of Trog.
  6965 | D:6      | Noticed Sigmund
  6970 | D:6      | Killed Sigmund
  6973 | D:6      | Reached skill level 7 in Fighting
  6973 | D:6      | Reached skill level 5 in Invocations
  7120 | D:6      | Killed Crazy Yiuf
  7405 | D:7      | Found an iron altar of Okawaru.
  7468 | D:7      | Reached *** piety under Uskayaw
  7482 | D:7      | Reached **** piety under Uskayaw
  7575 | D:7      | Noticed Jase's ghost (novice GnWn)
  7578 | D:7      | Found a runed translucent gate.
  7579 | D:7      | Found a runed translucent gate.
  7581 | D:7      | Found a runed translucent gate.
  7616 | D:7      | Found a shimmering altar of Xom.
  7617 | D:7      | Found a shimmering altar of Xom.
  7617 | D:7      | Found a shimmering altar of Xom.
  7618 | D:7      | Found a shimmering altar of Xom.
  7619 | D:7      | Found a shimmering altar of Xom.
  7620 | D:7      | Found a shimmering altar of Xom.
  7620 | D:7      | Found a shimmering altar of Xom.
  7637 | D:7      | Found a shimmering blue altar of Sif Muna.
  8205 | D:8      | Reached XP level 10. HP: 40/88 MP: 13/13
  8208 | D:8      | Reached skill level 8 in Fighting
  8533 | D:8      | Found a basalt altar of Yredelemnul.
  8691 | D:8      | Found a staircase to the Lair.
  8699 | D:8      | Noticed a death yak
  8720 | D:8      | Killed a death yak
  9074 | D:8      | Found a hazy altar of Hepliaklqana.
  9445 | D:8      | Reached skill level 10 in Maces & Flails
  9448 | D:8      | Reached skill level 9 in Fighting
 10070 | D:9      | Noticed a two-headed ogre
 10219 | D:9      | Killed a two-headed ogre
 10220 | D:9      | Reached XP level 11. HP: 74/97 MP: 14/16
 10757 | D:9      | Found a sparkling altar of Nemelex Xobeh.
 10848 | D:9      | Found an ancient bone altar of Kikubaaqudgha.
 11043 | D:10     | Entered Level 10 of the Dungeon
 11221 | D:10     | Found a sacrificial altar of Ru.
 11288 | D:10     | Reached skill level 10 in Fighting
 11952 | D:11     | Noticed a cyclops
 12166 | D:11     | Noticed a boulder beetle
 12287 | D:11     | Killed a boulder beetle
 12451 | D:11     | Noticed a boulder beetle
 12469 | D:11     | Killed a boulder beetle
 12559 | D:11     | Killed a cyclops
 12707 | D:11     | Noticed a two-headed ogre
 12956 | D:11     | Killed a two-headed ogre
 12957 | D:11     | Reached XP level 12. HP: 106/108 MP: 18/18
 13025 | D:11     | Noticed Harold
 13039 | D:11     | Killed Harold
 13571 | Lair:1   | Entered Level 1 of the Lair of Beasts
 13586 | Lair:1   | Reached skill level 11 in Fighting
 13595 | Lair:1   | Found a dark tunnel.
 13619 | Lair:1   | Reached skill level 1 in Armour
 13626 | Lair:1   | Reached ***** piety under Uskayaw
 13785 | Volcano  | Entered a volcano
 14044 | Volcano  | Found a radiant altar of Vehumet.
 14058 | Volcano  | Reached skill level 10 in Invocations
 14071 | Volcano  | Noticed a fire dragon
 14084 | Volcano  | Killed a fire dragon
 15356 | Lair:2   | Reached skill level 12 in Fighting
 15356 | Lair:2   | Reached XP level 13. HP: 103/118 MP: 19/19
 15373 | Lair:2   | Noticed Fannar
 15672 | Lair:2   | Noticed Gastronok
 15689 | Lair:2   | Killed Gastronok
 15930 | Lair:2   | Killed Fannar
 16800 | Lair:3   | Found a staircase to the Shoals.
 16985 | Lair:3   | Reached skill level 5 in Armour
 17132 | Lair:3   | Identified a scroll of acquirement
 17133 | Lair:3   | Acquired the +3 demon whip of the Pharaoh's Fist {flame,
                  | Str+4}
 17603 | Lair:3   | Reached ****** piety under Uskayaw
 17692 | Lair:3   | Reached skill level 13 in Fighting
 17848 | Lair:3   | Found a hole to the Spider Nest.
 18447 | Lair:4   | Found a runed translucent door.
 18448 | Lair:4   | Noticed an acid blob
 18450 | Lair:4   | Noticed an acid blob
 18451 | Lair:4   | Found a staircase to the Slime Pits.
 18562 | Lair:4   | Noticed Snorg
 18622 | Lair:4   | Killed Snorg
 18783 | Lair:4   | Identified the +1 robe of Infinity {Slay+3}
 19103 | Lair:4   | Reached skill level 14 in Fighting
 19103 | Lair:4   | Reached XP level 14. HP: 85/132 MP: 20/20
 19858 | Lair:5   | Entered Level 5 of the Lair of Beasts
 20820 | Lair:5   | Reached skill level 15 in Fighting
 21758 | D:12     | Noticed Lodul
 21875 | D:11     | Killed Lodul
 22501 | D:12     | Found a staircase to the Orcish Mines.
 22820 | D:12     | Noticed Nessos
 22826 | D:12     | Killed Nessos
 22833 | D:12     | Reached skill level 5 in Dodging
 23229 | D:12     | Found Loafuo's Weapon Boutique.
 23673 | D:13     | Noticed Maurice
 24249 | D:13     | Identified the +1 plate armour of Absolutism {Int+4}
 24288 | D:13     | Reached XP level 15. HP: 128/143 MP: 21/21
 24967 | D:13     | Reached skill level 1 in Shields
 25025 | D:13     | Reached skill level 16 in Fighting
 25447 | D:13     | Killed Maurice
 26347 | D:14     | Reached skill level 5 in Throwing
 26653 | D:14     | Slain by a skeletal warrior

Illustrated notes

Levels and vault maps discovered:
D:1:      erik_arrival_orb_chamber, layout_basic
D:2:      cheibrodos_fertilizer, layout_basic,
          dreamdust_ecumenical_altar_angels_and_demons
D:3:      layout_basic, marbit_many_paths, kennysheep_generic_room_7
D:4:      layout_rooms, dancing_weapons_uskayaw, mainiacjoe_overflow_24_doors,
          serial_shops, shop, lightli_minifort
D:5:      layout_loops_cross, mainiacjoe_overflow_six_doors_small,
          minmay_temple_entry_grid
D:6:      layout_basic, trog_book, uniq_crazy_yiuf_cottage, uniq_sigmund,
          uniq_grinder, uniq_blork_the_orc
D:7:      layout_basic, okawaru_ov_weapons_minmay, xom_shifter_show,
          mainiacjoe_overflow_tiny_flanked, gammafunk_ghost_split,
          minmay_a_box_with_orc_wizards_in_it
D:8:      layout_loops_ring, worldfamousw_hep_ancestral_shrine,
          kennysheep_ying_yang, david_lair_generic, serial_undead,
          serial_undead_a, serial_undead_b, serial_undead_b, serial_undead_f,
          chequers_serial_rivers_micro_e, chequers_serial_rivers_room_a,
          grunt_ministairs_3
D:9:      layout_gridville, lemuel_coloured_pillars_altar,
          mainiacjoe_overflow_surrounded_room
D:10:     layout_gridville, nicolae_ru_awakened_eye
D:11:     layout_roguey, uniq_harold
D:12:     layout_gridville, david_orc_4, serial_shops, kennysheep_mini,
          minmay_librarian, uniq_nessos, uniq_lodul
D:13:     layout_stronghold, serial_column_ruins, column_ruins_courtyard_long,
          column_ruins_grid_1, column_ruins_columns_T, column_ruins_grid_1,
          column_ruins_open_large, uniq_maurice
D:14:     layout_basic, hangedman_vaults_entry_quadrant_bands
Lair:1:   layout_cave_shapes, nicolae_volcano_entry_two_sided,
          grunt_megastairs_5
Lair:2:   layout_gridlike, serial_bayou_lagoon_a, serial_bayou_shore_b,
          lemuel_fruit_tree, lemuel_fruit_fields, serial_bayou_shore_b,
          uniq_gastronok, uniq_fannar
Lair:3:   nzn_winding_woodlands_three_and_one
          [nzn_winding_woodlands_5x15_concentric,
          nzn_winding_woodlands_5x15_default, nzn_winding_woodlands_5x15_cabin,
          nzn_winding_woodlands_center_pierced_h], layout_concentric_octagons,
          shoals_dummy_entry, hellmonk_spider_entry_life_and_decay,
          minmay_hedge_maze
Lair:4:   statuecave_lemuel, layout_cave_pods, slime_entry_2, uniq_snorg
Lair:5:   grunt_lair_end_beastmaster, layout_long_grid

Skill      XL: |  1  2  3  4  5  6  7  8  9 10 11 12 13 14 15 |
---------------+----------------------------------------------+-----
Fighting       | 1 2 3 4 5 6 7 9 10 12 14 15 16 | 16.5
Maces & Flails | 1 2 3 4 5 6 8 10 12 13 14 | 14.3
Throwing       | 1 2 3 5 |  5.3
Invocations    | 2 4 6 8 9 10 | 10.6
Armour         | 4 7 8 |  8.4
Dodging        | 5 |  5.9
Shields        | 4 |  4.0
Short Blades   | |  0.8
Stealth        | |  3.3
Spellcasting   | |  1.7
Hexes          | |  2.4

Action                   |  1- 3 |  4- 6 |  7- 9 | 10-12 | 13-15 || total
-------------------------+-------+-------+-------+-------+-------++-------
Melee: Dagger            |    59 |       |       |       |       ||    59
       Whip              |   153 |   232 |       |       |       ||   385
       Punch             |     2 |       |     4 |    13 |     8 ||    27
       Flail             |       |    11 |   221 |   482 |    26 ||   740
       Demon whip        |       |       |       |       |   836 ||   836
       Great mace        |       |       |       |       |    59 ||    59
Throw: Dart              |       |     6 |     4 |    34 |    33 ||    77
       Boomerang         |       |     5 |       |       |       ||     5
Invok: Stomp             |       |       |       |       |     7 ||     7
       Line Pass         |       |       |       |       |     3 ||     3
       Grand Finale      |       |       |       |       |     1 ||     1
Evoke: Wand              |       |       |     2 |     5 |    10 ||    17
       Phantom mirror    |       |       |       |     1 |     2 ||     3
  Use: Potion            |       |     8 |       |     2 |     1 ||    11
       Scroll            |       |    13 |       |     8 |     9 ||    30
 Stab: Invisible         |       |     3 |       |     2 |       ||     5
       Distracted        |       |       |     3 |     2 |       ||     5
       Paralysed         |       |       |       |    21 |    71 ||    92
       Sleeping          |       |       |       |     1 |       ||     1
       Petrified         |       |       |       |       |    14 ||    14
Armor: Scale mail        |   108 |   115 |   190 |   228 |       ||   641
       Fire dragon scale |       |       |       |    20 |   378 ||   398
Dodge: Dodged            |   101 |   111 |   141 |   211 |   334 ||   898
Block: Buckler           |       |       |       |       |    35 ||    35
